 Dungeon Crawl Stone Soup version 0.32-a0-22-g6ae6769602 (webtiles) character file.

Game seed: 1648489788235078427

1465 DApurpleWHUMPUS the Magician (level 8, 0/61 HPs)
             Began as a Deep Elf Fire Elementalist on Jan 18, 2024.
             Was a Follower of Sif Muna.
             Incinerated by a bombardier beetle (5 damage)
             ... with a burning spray
             ... on level 6 of the Dungeon.
             The game lasted 00:15:16 (7643 turns).

DApurpleWHUMPUS the Magician (DEFE)                 Turns: 7643, Time: 00:15:17

Health: 0/61       AC: 24    Str:  5    XL:     8   Next: 48%
Magic:  14/21      EV:  2    Int: 23    God:    Sif Muna [*.....]
Gold:   267        SH:  0    Dex: 15    Spells: 16/22 levels left

rFire   . . .        k - +0 short sword (flame)
rCold   . . .        (no shield)
rNeg    . . .        a - melded +0 robe
rPois   +            u - melded +1 helmet of Creativity {Int+3}
rElec   .            (cloak currently unavailable)
rCorr   .            (gloves currently unavailable)
SInv    .            (boots currently unavailable)
Will    .....        (no amulet)
Stlth   +            e - ring of wizardry
HPRegen 0.30/turn    (no ring)
MPRegen 0.17/turn

%: wizardry (x1)
@: on fire, tree-form, glowing
A: stationary, stasis, torment immunity, boosted hp
a: Renounce Religion, Channel Magic


You were on level 6 of the Dungeon.
You worshipped Sif Muna.
Sif Muna was aware of your devotion.
You were a tree.
You visited 1 branch of the dungeon, and saw 6 of its levels.

You collected 267 gold pieces.

Inventory:

Hand Weapons
 k - a +0 short sword of flaming (weapon)
Armour
 a - a +0 robe (melded)
 m - a +0 helmet
 o - a +1 helmet
 u - the +1 helmet of Creativity (melded) {Int+3}
   (You found it on level 5 of the Dungeon)

   Int+3:     It affects your intelligence (+3).
Jewellery
 e - a ring of wizardry (left branch)
 p - a +6 ring of intelligence
 t - a ring of resist corrosion
Wands
 l - a wand of digging (6)
Scrolls
 d - 4 scrolls of identify
 f - a scroll of vulnerability
 i - 3 scrolls of fear
 q - a scroll of enchant armour {unknown}
 s - 2 scrolls of fog {unknown}
 v - a scroll of poison {unknown}
Potions
 b - a potion of haste
 c - a potion of lignification
 g - a potion of degeneration {unknown}
 h - 3 potions of curing {unknown}
 j - a potion of heal wounds {unknown}
 n - 5 potions of might {unknown}
 r - a potion of ambrosia {unknown}
 w - a potion of berserk rage {unknown}


   Skills:
 + Level 6.7 Dodging
 - Level 2.4 Stealth
 + Level 7.6 Spellcasting
 + Level 5.7 Conjurations
 + Level 6.6 Fire Magic


You had 16 spell levels left.
You knew the following spells:

 Your Spells              Type           Power      Damage    Failure   Level
a - Foxfire               Conj/Fire      100%       2x1d9     1%          1
b - Scorch                Fire           78%        2d8       1%          2
c - Inner Flame           Hex/Fire       23%        N/A       2%          3

Your spell library contained the following spells:

 Spells                   Type           Power      Damage    Failure   Level
 Volatile Blastmotes      Fire/Tloc      46%        2d13      2%          3
 Flame Wave               Conj/Fire      37%        2d10      2%          4
 Sublimation of Blood     Necr           8%         N/A       4%          2
 Summon Ice Beast         Ice/Summ       8%         N/A       9%          3
 Irradiate                Conj/Alch      10%        3d15      24%         5
 Petrify                  Alch/Erth      8%         N/A       28%         4
 Summon Mana Viper        Hex/Summ       8%         N/A       58%         5
 Monstrous Menagerie      Summ           4%         N/A       100%        7


Dungeon Overview and Level Annotations

Branches:
Dungeon (6/15)
 Temple: D:4-7

Altars:
Ashenzari
Okawaru
Sif Muna
Trog
Uskayaw
Wu Jian

Annotations:
D:5 3 runed translucent doors, gdog's ghost, weakling GnDe


Message History

Flames lash the bombardier beetle.
The bombardier beetle is heavily wounded.
The bombardier beetle sprays incendiary fluid at you.
The burning spray hits you.
You are covered in liquid fire!
Casting: Scorch (safe; 1% risk of failure)
Confirm with . or Enter, or press ? or * to list all spells.
Flames lash the bombardier beetle.
The bombardier beetle is burned terribly!
The bombardier beetle is almost dead.
The liquid fire burns you! The bombardier beetle bites you.
Casting: Scorch (safe; 1% risk of failure)
Confirm with . or Enter, or press ? or * to list all spells.
Flames lash the bombardier beetle.
The bombardier beetle is burned terribly!
You kill the bombardier beetle!
Sif Muna accepts your kill. The liquid fire burns you!
You are on fire!
You are on fire!
You are on fire!
You are on fire!
Unknown command.
You are on fire!
The liquid fire burns you! The liquid fire burns you!
The liquid fire burns you! The liquid fire burns you!
The liquid fire burns you!
* * * LOW HITPOINT WARNING * * *
The liquid fire burns you!
* * * LOW HITPOINT WARNING * * *
The liquid fire burns you!
* * * LOW HITPOINT WARNING * * *
It was a potion of lignification.
You turn into a tree.
The +1 helmet of Creativity {Int+3} melds into your body.
Your +0 robe melds into your body.
Your roots penetrate the ground.
The liquid fire burns you!
You die...

.....##.####.#....#####..#....###
......#.########......#..#....#..
......#........#......#..#....#..
......#........#......#..#....'..
.....>#...######......####....#'#
......#...# #.................
......##..# #.................
...#'###..# #.................
...#...#..# #♣................
...#...'..#....†.#######'########
...#..##..#......#............#
####..##..#......+............+
+.......+......#............#
#.......#......#............#
####..##.##......######.###+###
...#..##.#####.....#.##.###.#
...#.. ... #.....#....#...#


There were no monsters in sight!

Vanquished Creatures
  3 ogres
  2 phantoms
  A gnoll sergeant (D:5)
  4 wights (D:6)
  3 bombardier beetles
  5 hounds
  A jelly (D:5)
  A gnoll bouda (D:5)
  2 sleepcaps
  3 orc wizards
  Robin (D:2)
  16 gnolls
  5 adders
  2 dart slugs (D:1)
  4 ribbon worms
  10 orcs
  9 endoplasms
  A giant cockroach (D:4)
  20 goblins
  10 hobgoblins
  9 jackals
  12 kobolds
  A quokka (D:4)
  8 ball pythons
  9 bats
  A frilled lizard (D:3)
  7 rats
150 creatures vanquished.

Vanquished Creatures (collateral kills)
  6 foxfires (D:3)
6 creatures vanquished.

Vanquished Creatures (others)
  549 foxfires
549 creatures vanquished.

Grand Total: 705 creatures vanquished

Notes
Turn   | Place    | Note
-------+----------+-------------------------------------------
     0 | D:1      | DApurpleWHUMPUS the Deep Elf Fire Elementalist began the
                  | quest for the Orb.
     0 | D:1      | Reached XP level 1. HP: 10/10 MP: 6/6
   257 | D:1      | Reached XP level 2. HP: 7/15 MP: 0/8
  1376 | D:2      | Reached XP level 3. HP: 19/19 MP: 8/10
  1421 | D:2      | Learned a level 2 spell: Scorch
  1674 | D:2      | Reached skill level 4 in Spellcasting
  1811 | D:2      | Reached XP level 4. HP: 24/24 MP: 8/12
  1887 | D:2      | Noticed Robin
  1893 | D:2      | Killed Robin
  2497 | D:3      | Found a hide-covered altar of Uskayaw.
  2498 | D:3      | Noticed a phantom
  2512 | D:3      | Killed a phantom
  2513 | D:3      | Reached XP level 5. HP: 19/28 MP: 6/13
  2740 | D:3      | Reached skill level 5 in Spellcasting
  2993 | D:3      | Noticed a moth of wrath
  2996 | D:3      | Found a bloodstained altar of Trog.
  3431 | D:3      | Identified a scroll of acquirement
  3431 | D:3      | Acquired a ring of wizardry
  3544 | D:3      | Reached XP level 6. HP: 32/32 MP: 11/15
  3577 | D:3      | Found a broken altar of Ashenzari.
  3677 | D:3      | Found a faded altar of an unknown god.
  4420 | D:4      | Identified the +5 hand axe "Gampafof" {freeze, rF+ Str+3}
  4910 | D:4      | Reached skill level 5 in Fire Magic
  4994 | D:4      | Found a shimmering blue altar of Sif Muna.
  5020 | D:4      | Became a worshipper of Sif Muna the Loreminder
  5031 | D:4      | Reached skill level 5 in Dodging
  5031 | D:4      | Reached XP level 7. HP: 36/36 MP: 10/17
  5086 | D:4      | Reached skill level 6 in Spellcasting
  5139 | D:4      | Identified the +7 war axe of Anguish {pain, Dex+2 Stlth+}
  5664 | D:5      | Entered Level 5 of the Dungeon
  5835 | D:5      | Identified the +1 helmet of Creativity {Int+3}
  5851 | D:5      | Reached * piety under Sif Muna
  6004 | D:5      | Found an ornate altar of the Wu Jian Council.
  6016 | D:5      | Found an iron altar of Okawaru.
  6321 | D:5      | Found a runed translucent gate.
  6321 | D:5      | Found a runed translucent gate.
  6321 | D:5      | Found a runed translucent gate.
  6322 | D:5      | Noticed gdog's ghost (weakling GnDe)
  6634 | D:5      | Reached skill level 5 in Conjurations
  6634 | D:5      | Reached XP level 8. HP: 41/41 MP: 16/20
  6644 | D:5      | Reached skill level 7 in Spellcasting
  7144 | D:6      | Learned a level 3 spell: Inner Flame
  7643 | D:6      | Incinerated by a bombardier beetle

Illustrated notes

Levels and vault maps discovered:
D:1:      tarquinn_simple_flora_water_c, layout_loops_ring
D:2:      layout_loops_ring, minmay_pentomino_r4, uniq_robin
D:3:      layout_basic, tgw_trog, mainiacjoe_overflow_catwalk,
          mainiacjoe_overflow_chevrons, chequers_ecumenical_altar_lobes,
          lightli_corner_chamber
D:4:      corexii_shantytown, layout_rooms, led_sif_book
D:5:      layout_rooms, mainiacjoe_overflow_big_doors, ebering_ghost_rock_garden
D:6:      layout_gridville, temple_statues

Skill      XL: |  1  2  3  4  5  6  7  8 |
---------------+-------------------------+-----
Dodging        | 3 4 5 6 |  6.7
Conjurations   | 2 3 4 5 |  5.7
Spellcasting   | 4 5 6 7 |  7.6
Fire Magic     | 4 5 6 |  6.6
Stealth        | |  2.4

Action                     |  1- 3 |  4- 6 |  7- 9 || total
---------------------------+-------+-------+-------++-------
  Melee: Unarmed           |     2 |       |       ||     2
         Short sword       |       |    33 |    13 ||    46
         Punch             |       |     1 |       ||     1
   Cast: Foxfire           |    96 |   157 |   100 ||   353
         Scorch            |     2 |    20 |    46 ||    68
    Use: Scroll            |       |     5 |       ||     5
         Potion            |       |     1 |     2 ||     3
 Armour: Robe              |    13 |    39 |    23 ||    75
  Dodge: Dodged            |    18 |    59 |    32 ||   109

Table legend: (Time is in decaauts)
 A = Elapsed time spent in this place.
 B = Non-inter-level travel time spent in this place.
 C = Inter-level travel time spent in this place.
 D = Time resting spent in this place.
 E = Time spent auto-exploring this place.
 F = Levels seen in this place.
 G = Mean time per level.
                   A        B        C        D        E       F      G
               +--------+--------+--------+--------+--------+-----+--------+
         Total |   7624 |   7196 |    428 |   1481 |   4524 |   6 | 1270.7 |
       Dungeon |   7624 |   7196 |    428 |   1481 |   4524 |   6 | 1270.7 |
               +--------+--------+--------+--------+--------+-----+--------+

Top non-repeatable levels by time:
     D:4: 1617 daAuts
     D:3: 1616 daAuts
     D:1: 1373 daAuts
     D:5: 1349 daAuts
     D:2: 1119 daAuts
     D:6: 548 daAuts
